 Dungeon Crawl Stone Soup version 0.30.1-11-g7821555f0a (webtiles) character file.

Game seed: 2103056958933003961

590 Dordric the Slasher (level 7, -6/51 HPs)
             Began as a Barachi Gladiator on Oct 31, 2023.
             Killed from afar by a steam dragon (12 damage)
             ... with a ball of steam
             ... on level 5 of the Dungeon.
             The game lasted 00:05:15 (4209 turns).

Dordric the Slasher (Barachi Gladiator)             Turns: 4209, Time: 00:05:15

Health: -6/51      AC:  6    Str: 15    XL:     7   Next: 39%
Magic:  16/16      EV: 14    Int:  8    God:
Gold:   291        SH:  0    Dex: 16    Spells: 6/6 levels left

rFire   . . .        a - +1 long sword (chaos)
rCold   . . .        (no shield)
rNeg    . . .        v - +0 ring mail
rPois   .            c - +0 helmet
rElec   .            (no cloak)
rCorr   .            (no gloves)
SInv    .            (no boots)
Will    +....        (no amulet)
Stlth   +            m - ring of magical power
HPRegen 0.28/turn    o - ring of willpower
MPRegen 0.15/turn

%: no passive effects
@: slow
A: amphibious, slowness 1, strong legs 1, +LOS
a: Hop


You were on level 5 of the Dungeon.
You visited 1 branch of the dungeon, and saw 5 of its levels.

You collected 291 gold pieces.

Inventory:

Hand Weapons
 a - a +1 long sword of chaos (weapon)
Missiles
 d - 2 throwing nets
 e - 4 javelins (quivered)
 A - 4 poisoned darts
Armour
 b - a +0 leather armour
 c - a +0 helmet (worn)
 v - a +0 ring mail (worn)
 y - a +1 chain mail of cold resistance
Jewellery
 m - a ring of magical power (left hand)
 o - a ring of willpower (right hand)
Wands
 i - a wand of flame (21)
 l - a wand of iceblast (1)
Scrolls
 g - a scroll of enchant armour
 h - a scroll of magic mapping
 n - a scroll of poison
 p - a scroll of fog
 q - a scroll of identify
 r - a scroll of teleportation
 u - 2 scrolls of enchant weapon
Potions
 f - 2 potions of attraction {unknown}
 j - 3 potions of degeneration {unknown}
 k - 4 potions of curing {unknown}
 s - a potion of heal wounds {unknown}
 t - a potion of resistance {unknown}
 w - 2 potions of lignification {unknown}
 x - a potion of cancellation {unknown}
 C - a potion of brilliance {unknown}
 D - a potion of invisibility {unknown}


   Skills:
 - Level 2.4 Fighting
 + Level 7.4 Long Blades
 - Level 2.0 Throwing
 + Level 6.8 Dodging


You had 6 spell levels left.
You didn't know any spells.
Your spell library was empty.

Dungeon Overview and Level Annotations

Branches:
Dungeon (5/15)
 Temple: D:4-7

Altars:
Kikubaaqudgha

Shops:
D:2 [   D:5 *


Innate Abilities, Weirdness & Mutations

You are amphibious.
You cover ground slowly.
You can hop short distances.
You have an extended range of vision and can be seen from far away.


Message History

The orc is heavily wounded.
The orc hits you with a +0 whip.
The centaur shoots an arrow.
The arrow completely misses you.
A steam dragon comes into view.
The steam dragon hisses angrily.
You barely miss the orc.
The orc is heavily wounded.
The orc misses you.
The centaur shoots an arrow.
The arrow hits you!
You hit the orc.
The orc is poisoned.
The orc is severely wounded.
You kill the orc!
The centaur shoots an arrow.
The arrow misses you.
The centaur unwields a +0 shortbow.
The centaur barely misses you. The centaur kicks you. The centaur misses you.
The centaur kicks you.
You see here a quokka corpse.
You barely miss the centaur. The centaur closely misses you. x2
The centaur hits you.
The centaur kicks you but does no damage.
The steam dragon breathes steam at you. The ball of steam hits you!
* * * LOW HITPOINT WARNING * * *
You are too injured to fight recklessly!
You are too injured to fight recklessly!
You are too injured to fight recklessly!
You are too injured to fight recklessly!
You are too injured to fight recklessly!
You are too injured to fight recklessly!
You are too injured to fight recklessly!
You are too injured to fight recklessly!
You are too injured to fight recklessly!
You are too injured to fight recklessly!
You are too injured to fight recklessly!
Unknown command.
The centaur attacks as you move away! The centaur misses you.
The centaur closely misses you.
The centaur wields a +0 shortbow.
The centaur shoots an arrow.
The arrow closely misses you.
There is an open door, spattered with blood here.
The steam dragon breathes steam at you. The ball of steam hits you!
You die...

....#...# #...#...####
###........... ##
##.#........... ##.
##..#........... ...
##...'...........
###'####....#...........
#...c.#.....#...#'######
..#...§§#@...##...#.).....
...'...D§§...###...########
...#....)#..## #.#.# .
#.....#.## #.#.# ###'#####
#.#.# ... '.#.# .... #.#.#
..... #.#.# ..... #.#.#


There were no monsters in sight!

Vanquished Creatures
  2 bullfrogs
  2 howler monkeys
  3 hounds
  A jelly (D:4)
  An iguana (D:5)
  3 orc wizards
  5 adders
  3 worms
  3 dart slugs
  10 orcs
  7 ball pythons
  10 endoplasms
  4 giant cockroaches
  9 goblins
  7 hobgoblins
  3 jackals (D:3)
  6 kobolds
  3 quokkas
  9 bats
  2 frilled lizards
  6 rats
99 creatures vanquished.

Notes
Turn   | Place    | Note
-------+----------+-------------------------------------------
     0 | D:1      | Dordric the Barachi Gladiator began the quest for the Orb.
     0 | D:1      | Reached XP level 1. HP: 17/17 MP: 1/1
    89 | D:1      | Reached XP level 2. HP: 17/23 MP: 2/2
   134 | D:1      | Reached skill level 4 in Long Blades
   626 | D:1      | Reached XP level 3. HP: 23/28 MP: 3/3
   898 | D:2      | Reached XP level 4. HP: 32/34 MP: 4/4
  1224 | D:2      | Reached skill level 5 in Long Blades
  1231 | D:2      | Found Jeih Xaneg's Antique Armour Emporium.
  1685 | D:3      | Reached XP level 5. HP: 29/39 MP: 5/5
  1813 | D:3      | Reached skill level 5 in Dodging
  1974 | D:3      | Found an ancient bone altar of Kikubaaqudgha.
  2372 | D:4      | Reached skill level 6 in Long Blades
  2476 | D:4      | Reached XP level 6. HP: 46/46 MP: 6/6
  3601 | D:5      | Entered Level 5 of the Dungeon
  3688 | D:5      | Reached XP level 7. HP: 43/51 MP: 7/7
  3715 | D:5      | Found Soiriaq's Fire Supplies.
  3729 | D:5      | Reached skill level 7 in Long Blades
  3812 | D:5      | HP: 2/51 [iguana (10)]
  4203 | D:5      | Noticed a steam dragon
  4209 | D:5      | Killed from afar by a steam dragon

Illustrated notes

Levels and vault maps discovered:
D:1:      minmay_arrival_radiant_lines, layout_loops_ring
D:2:      layout_loops_corners, serial_shops, nicolae_shop_tiny_real_fake_doors
D:3:      layout_rooms, kiku_gazebo_garden_becter
D:4:      layout_layer_cave, kennysheep_generic_room_16
D:5:      layout_basic, mainiacjoe_overflow_six_doors_small,
          nicolae_shop_fire_sale [nicolae_sub_dead_trees], minmay_quadrilaterals

Skill      XL: |  1  2  3  4  5  6  7 |
---------------+----------------------+-----
Long Blades    | 4 5 6 7 |  7.4
Dodging        | 4 5 6 |  6.8
Fighting       | |  2.4
Throwing       | |  2.0

Action                     |  1- 3 |  4- 6 |  7- 9 || total
---------------------------+-------+-------+-------++-------
  Melee: Long sword        |    74 |   197 |    47 ||   318
  Throw: Throwing net      |       |     2 |       ||     2
    Use: Scroll            |       |    14 |       ||    14
   Stab: Sleeping          |     1 |     2 |       ||     3
 Armour: Leather armour    |    28 |    16 |       ||    44
         Ring mail         |       |    42 |    11 ||    53
  Dodge: Dodged            |    62 |   149 |    35 ||   246
